 Dungeon Crawl Stone Soup version 0.31.0-11-ge490571c62 (webtiles) character file.

Game seed: 8063670857224772447

20169 qw the Nimble (level 12, -22/60 HPs)
             Began as a Spriggan Hunter on Feb 4, 2024.
             Was a High Priest of Okawaru.
             Annihilated by a death yak (25 damage)
             ... on level 3 of the Lair of Beasts.
             The game lasted 00:00:59 (9661 turns).

qw the Nimble (Spriggan Hunter)                     Turns: 9661, Time: 00:00:59

Health: -22/60     AC:  9    Str:  7    XL:     12   Next: 43%
Magic:  18/20      EV: 30    Int: 12    God:    Okawaru [*****.]
Gold:   197        SH:  0    Dex: 22    Spells: 11/11 levels left

rFire   . . .        e - +5 arbalest
rCold   . . .        (shield currently unavailable)
rNeg    . . .        s - +0 steam dragon scales
rPois   +            d - +2 hat
rElec   .            o - +1 cloak
rCorr   .            (gloves unavailable)
SInv    +            (boots unavailable)
Will    ++...        m - amulet of the acrobat
Stlth   +            k - ring of poison resistance
HPRegen 0.30/turn    a - +4 ring of slaying {mikee}
MPRegen 0.17/turn

%: acrobat
@: about to teleport, finesse-ful, slow
A: very small, no large weapons, unfitting armour, see invisible, speed 3
a: Renounce Religion, Heroism, Finesse, Duel


You were on level 3 of the Lair of Beasts.
You worshipped Okawaru.
Okawaru was extremely pleased with you.
You visited 2 branches of the dungeon, and saw 11 of its levels.
You also visited: Sewer.

You collected 660 gold pieces.
You spent 463 gold pieces at shops.


Innate Abilities, Weirdness & Mutations

You are very small and have problems with some larger weapons.
You are too small for most types of armour.
You have supernaturally acute eyesight. (SInv)
You cover ground extremely quickly. (Speed+++)


   Skills:
 + Level 5.7 Fighting
 - Level 14.0 Ranged Weapons
 - Level 1.3 Armour
 - Level 14.0 Dodging
 - Level 1.5 Stealth
 + Level 9.7 Invocations


You had 11 spell levels left.
You didn't know any spells.
Your spell library was empty.

Inventory:

Hand Weapons
 e - a +5 arbalest (weapon)
Armour
 d - a +2 hat (worn)
 o - a +1 cloak (worn)
 s - +0 steam dragon scales (worn)
Jewellery
 a - a +4 ring of slaying (right hand) {mikee}
 h - a ring of fire
 k - a ring of poison resistance (left hand)
 m - an amulet of the acrobat (around neck)
 r - a ring of fire
 Y - the ring of Kenygg {rC+ Stlth+}
   (You found it on level 2 of the Dungeon)

   [ring of protection from cold]

   rC+:       It protects you from cold.
   Stlth+:    It makes you more stealthy.
Wands
 f - a wand of charming (3)
 q - a wand of polymorph (7)
Scrolls
 b - 3 scrolls of identify
 p - a scroll of teleportation
Potions
 g - 3 potions of curing
 i - 2 potions of heal wounds
 j - 5 potions of mutation
 l - 5 potions of enlightenment
 n - 3 potions of might
 t - a potion of magic

Dungeon Overview and Level Annotations

Branches:
Dungeon (8/15)             Temple (0/1) D:7            Lair (3/5) D:8
 Shoals (0/4) Lair:2        Sewer (visited)
  Snake: Lair:2-3    Spider: Lair:2-3

Altars:
Elyvilon
Okawaru
Qazlal
Trog
Uskayaw
Wu Jian
Yredelemnul
The Shining One

Shops:
D:3 (   D:8 [*[

Annotations:
D:3 2 transporters


Message History

You shoot a bolt. The bolt hits the death yak.
The death yak is lightly wounded.
You shoot a bolt. The bolt hits the death yak.
The death yak is lightly wounded.
The death yak closely misses you. The death yak completely misses you.
You shoot a bolt. The bolt hits the death yak.
The death yak is lightly wounded.
You shoot a bolt. The bolt hits the death yak!!
The death yak is heavily wounded.
The death yak gores you! The death yak closely misses you.
You shoot a bolt. The bolt hits the death yak!
The death yak is heavily wounded.
The death yak completely misses you. The death yak gores you!
You shoot a bolt. The bolt hits the death yak!!
The death yak is almost dead.
You shoot a bolt. The bolt hits the death yak.
The death yak is almost dead.
The death yak misses you. x2
You shoot a bolt. The bolt hits the death yak!
You kill the death yak!
Okawaru is honoured by your kill.
You shoot a bolt. The bolt hits the death yak!!
The death yak is heavily wounded.
The death yak gores you!
You shoot a bolt. The bolt barely misses the death yak.
The death yak misses you.
You shoot a bolt. The bolt hits the death yak.
The death yak is heavily wounded.
You shoot a bolt. The bolt barely misses the death yak.
The death yak completely misses you.
You shoot a bolt. The bolt hits the death yak!
The death yak is severely wounded.
You shoot a bolt. The bolt hits the death yak.
The death yak is severely wounded.
The death yak gores you!!
9661 ||| READING 2 scrolls of teleportation.
As you read the scroll of teleportation, it crumbles to dust.
You feel strangely unstable. The death yak gores you!!
You die...

...............
#.....~~~~.....
##...~~~~~~~..#
#.#.~~~~~~~~..#
##.~~~~~~~~~~#
###..~~~~~~~~~.#
......~~~~.~~..#
#.~@%.<.~..#
+......Y.....}...
..................
..........#.?.....
..P#.#.#.##.......
.......... .......
.......... ....Y..
...#####..#.P..Y.


You could see a death yak.

Vanquished Creatures
  Harold (Lair:1)
  A hydra (Lair:2)
  9 death yaks
  9 elephants
  2 black mambas (Lair:1)
  A merfolk siren (Lair:2)
  3 cane toads
  2 rime drakes
  3 komodo dragons
  A queen bee (Lair:2)
  4 blink frogs (Lair:2)
  A polar bear (D:8)
  4 yaks (Lair:1)
  Eustachio (D:6)
  A wyvern (Lair:1)
  4 steam dragons
  A water moccasin (Lair:1)
  3 orc warriors
  2 black bears
  An ogre (D:6)
  9 ice beasts
  A sky beast (D:7)
  A centaur (D:7)
  7 wolves
  A phantom (D:6)
  A brain worm (Sewer)
  7 bullfrogs
  5 scorpions
  27 killer bees
  An electric eel (Lair:2)
  A bombardier beetle (D:4)
  A crimson imp (D:5)
  2 hounds (D:6)
  2 jellies
  A gnoll bouda (D:8)
  4 orc priests
  4 iguanas
  A sleepcap (D:6)
  3 orc wizards
  Natasha (D:4)
  7 gnolls
  9 adders
  6 river rats
  2 shadow imps (D:6)
  3 white imps
  4 ufetubi
  2 dart slugs
  8 ribbon worms
  14 orcs
  10 bats
  6 endoplasms
  7 giant cockroaches
  6 goblins
  9 hobgoblins
  7 jackals
  6 kobolds
  7 quokkas
  6 ball pythons
  4 frilled lizards
  A goblin skeleton (D:6)
  3 hobgoblin zombies (D:6)
  An orc skeleton (D:6)
  2 orc zombies (D:6)
  5 rats
269 creatures vanquished.

Notes
Turn   | Place    | Note
-------+----------+-------------------------------------------
     0 | D:1      | qw the Spriggan Hunter began the quest for the Orb.
     0 | D:1      | Reached XP level 1. HP: 10/10 MP: 2/2
     0 | D:1      | 0 ||| qw: Version: 0.3-a-160-g6735b56
     0 | D:1      | 0 ||| qw: Game counter: 4454
     0 | D:1      | 0 ||| qw: Melee chars always use a shield: true
     0 | D:1      | 0 ||| qw: God list: Okawaru
     0 | D:1      | 0 ||| qw: Allow faded altars: false
     0 | D:1      | 0 ||| qw: Do Orc after clearing Dungeon:15 true
     0 | D:1      | 0 ||| qw: Do second Lair branch before Depths: true
     0 | D:1      | 0 ||| qw: Lair rune preference: random
     0 | D:1      | 0 ||| qw: Goals: Normal
     0 | D:1      | 0 ||| PLANNING D:1-11
    14 | D:1      | Reached skill level 3 in Dodging
   151 | D:1      | Reached XP level 2. HP: 14/14 MP: 3/3
   622 | D:1      | 622 ||| READING scroll labelled LEIZUI FEYJETHI.
   648 | D:1      | 648 ||| READING scroll labelled EMONEDOCUO.
   649 | D:1      | 649 ||| READING scroll labelled MODUN YSCHO.
   650 | D:1      | 650 ||| READING scroll labelled JORGHY JIYDAALA.
   651 | D:1      | 651 ||| READING 2 scrolls labelled JASEHOASAO.
   651 | D:1      | 651 ||| IDENTIFYING fizzy golden potion
   652 | D:1      | 652 ||| READING scroll of identify.
   652 | D:1      | 652 ||| IDENTIFYING bubbling silvery potion
   653 | D:1      | 653 ||| DROPPING scroll of butterflies.
   654 | D:1      | 654 ||| DROPPING potion of berserk rage.
   707 | D:2      | Reached XP level 3. HP: 12/18 MP: 4/4
   707 | D:2      | 707 ||| FLEEEEING.
   708 | D:2      | 708 ||| FLEEEEING.
   709 | D:2      | 709 ||| FLEEEEING.
   712 | D:2      | 712 ||| FLEEEEING.
   713 | D:2      | 713 ||| FLEEEEING.
   714 | D:2      | 714 ||| FLEEEEING.
   715 | D:2      | 715 ||| STAIRDANCE
  1022 | D:2      | Identified the ring of Kenygg {rC+ Stlth+}
  1813 | D:2      | 1813 ||| UPGRADING to ring of Kenygg {rC+ Stlth+}.
  1814 | D:2      | 1814 ||| READING scroll of identify.
  1814 | D:2      | 1814 ||| IDENTIFYING smoky blue potion
  1815 | D:2      | 1815 ||| READING scroll labelled REUXAICHES.
  1815 | D:2      | 1815 ||| ENCHANTING +0 shortbow.
  1816 | D:2      | 1816 ||| READING scroll labelled PECRED ELONWYNT.
  1817 | D:2      | 1817 ||| READING scroll labelled ARCHIC TISHRO.
  1820 | D:2      | 1820 ||| READING scroll labelled AZIQIPUMEY.
  1845 | D:3      | Found Loiblic's Antique Weapon Emporium.
  1863 | D:3      | 1863 ||| BUYING arbalest (76 gold).
  1863 | D:3      | Bought an arbalest for 76 gold pieces
  1863 | D:3      | 1863 ||| SWAPPING to +0 arbalest.
  1864 | D:3      | 1864 ||| DROPPING +0 shortbow.
  1922 | D:3      | Found a transporter.
  1933 | D:3      | Found a transporter.
  2207 | D:3      | Found a bloodstained altar of Trog.
  2228 | D:3      | Reached XP level 4. HP: 22/22 MP: 5/5
  2495 | D:3      | Found a white marble altar of Elyvilon.
  2690 | D:3      | 2690 ||| UPGRADING to amulet of the acrobat.
  2695 | D:3      | 2695 ||| UPGRADING to +4 ring of slaying {mikee}.
  2696 | D:3      | 2696 ||| READING scroll labelled RINIDIM ENLOIWA.
  2726 | D:4      | HP: 1/22 [iguana (10)]
  2727 | D:4      | 2727 ||| READING scroll of teleportation.
  2728 | D:4      | 2728 ||| DRINKING potion of heal wounds.
  2970 | D:4      | 2970 ||| FLEEEEING.
  3034 | D:4      | Reached XP level 5. HP: 26/26 MP: 6/6
  3054 | D:4      | Noticed Natasha
  3055 | D:4      | Killed Natasha
  3097 | D:4      | Reached skill level 6 in Ranged Weapons
  3467 | D:4      | 3467 ||| READING 4 scrolls of identify.
  3467 | D:4      | 3467 ||| IDENTIFYING clear potion
  3468 | D:4      | 3468 ||| READING 3 scrolls of identify.
  3468 | D:4      | 3468 ||| IDENTIFYING black potion
  3469 | D:4      | 3469 ||| READING 2 scrolls of identify.
  3469 | D:4      | 3469 ||| IDENTIFYING scroll labelled NAOCYTIXEV
  3470 | D:4      | 3470 ||| DROPPING scroll of fear.
  3506 | D:5      | Entered Level 5 of the Dungeon
  3510 | D:5      | Noticed a black bear
  3514 | D:5      | Killed a black bear
  3515 | D:5      | Reached skill level 6 in Dodging
  3515 | D:5      | Reached XP level 6. HP: 12/30 MP: 7/7
  3706 | D:5      | Found a hide-covered altar of Uskayaw.
  3714 | D:5      | Reached XP level 7. HP: 26/35 MP: 8/8
  4201 | D:5      | 4201 ||| UPGRADING to +0 cloak.
  4206 | D:5      | 4206 ||| READING scroll of enchant armour.
  4206 | D:5      | 4206 ||| ENCHANTING +0 cloak.
  4207 | D:5      | 4207 ||| DROPPING ring of protection from cold.
  4208 | D:5      | 4208 ||| READING 2 scrolls of identify.
  4208 | D:5      | 4208 ||| IDENTIFYING golden potion
  4209 | D:5      | 4209 ||| READING scroll of identify.
  4209 | D:5      | 4209 ||| IDENTIFYING green potion
  4210 | D:5      | 4210 ||| DROPPING potion of ambrosia.
  4211 | D:5      | 4211 ||| DROPPING potion of brilliance.
  4241 | D:6      | 4241 ||| PLANNING SEWER
  4330 | D:6      | Found an iron altar of Okawaru.
  4371 | D:6      | Noticed Eustachio
  4383 | D:6      | Killed Eustachio
  4399 | D:6      | Reached XP level 8. HP: 39/39 MP: 9/9
  4417 | D:6      | Reached skill level 3 in Fighting
  4430 | D:6      | Found a glowing golden altar of the Shining One.
  4689 | D:6      | 4689 ||| FLEEEEING.
  4735 | D:6      | Found a glowing drain.
  4738 | D:6      | 4738 ||| UPGRADING to ring of poison resistance.
  4740 | D:6      | 4740 ||| READING 2 scrolls of identify.
  4740 | D:6      | 4740 ||| IDENTIFYING cyan potion
  4741 | D:6      | 4741 ||| READING scroll of identify.
  4741 | D:6      | 4741 ||| IDENTIFYING viscous brown potion
  4742 | D:6      | 4742 ||| DRINKING 2 fizzy clear potions.
  4743 | D:6      | 4743 ||| DROPPING potion of attraction.
  4744 | D:6      | 4744 ||| DROPPING potion of degeneration.
  4752 | Sewer    | Entered a sewer
  4903 | Sewer    | Reached skill level 9 in Ranged Weapons
  5229 | Sewer    | 5229 ||| READING scroll of identify.
  5229 | Sewer    | 5229 ||| IDENTIFYING blue potion
  5230 | Sewer    | 5230 ||| READING 3 scrolls labelled MAVITE KARI.
  5230 | Sewer    | 5230 ||| ENCHANTING +0 arbalest.
  5231 | Sewer    | 5231 ||| READING 2 scrolls of enchant weapon.
  5231 | Sewer    | 5231 ||| ENCHANTING +1 arbalest.
  5232 | Sewer    | 5232 ||| READING scroll of enchant weapon.
  5232 | Sewer    | 5232 ||| ENCHANTING +2 arbalest.
  5255 | D:6      | 5255 ||| PLANNING OKAWARU WORSHIP
  5321 | D:6      | Became a worshipper of Warmaster Okawaru
  5322 | D:6      | 5322 ||| PLANNING D:1-11
  5483 | D:7      | Reached skill level 9 in Dodging
  5500 | D:7      | Reached * piety under Okawaru
  5702 | D:7      | Reached skill level 1 in Invocations
  5702 | D:7      | Reached XP level 9. HP: 33/44 MP: 10/10
  6231 | D:7      | Found a staircase to the Ecumenical Temple.
  6324 | D:7      | Found a stormy altar of Qazlal.
  6326 | D:7      | Found an ornate altar of the Wu Jian Council.
  6327 | D:7      | 6327 ||| DROPPING wand of flame (41).
  6376 | D:8      | Found a basalt altar of Yredelemnul.
  6386 | D:8      | 6386 ||| RETREEEEATING.
  6390 | D:8      | 6390 ||| RETREEEEATING.
  6391 | D:8      | 6391 ||| RETREEEEATING.
  6393 | D:8      | 6393 ||| RETREEEEATING.
  6395 | D:8      | 6395 ||| RETREEEEATING.
  6397 | D:8      | 6397 ||| RETREEEEATING.
  6399 | D:8      | 6399 ||| RETREEEEATING.
  6401 | D:8      | 6401 ||| RETREEEEATING.
  6405 | D:8      | 6405 ||| RETREEEEATING.
  6406 | D:8      | 6406 ||| RETREEEEATING.
  6413 | D:8      | 6413 ||| INVOKING Heroism.
  6413 | D:8      | HP: 10/44 [ice beast (9)]
  6414 | D:8      | 6414 ||| READING 4 scrolls of teleportation.
  6416 | D:8      | Found Jastim's Antique Armour Boutique.
  6545 | D:8      | 6545 ||| READING scroll of enchant weapon.
  6545 | D:8      | 6545 ||| ENCHANTING +3 arbalest.
  6553 | D:8      | Found Kabb's General Store.
  6558 | D:8      | Reached skill level 3 in Invocations
  6559 | D:8      | 6559 ||| BUYING scroll of identify (26 gold).
  6559 | D:8      | Bought a scroll of identify for 26 gold pieces
  6559 | D:8      | 6559 ||| BUYING scroll of identify (26 gold).
  6559 | D:8      | Bought a scroll of identify for 26 gold pieces
  6559 | D:8      | 6559 ||| BUYING wand of polymorph (7) (127 gold).
  6559 | D:8      | Bought a wand of polymorph (7) for 127 gold pieces
  6572 | D:8      | 6572 ||| RETREEEEATING.
  6574 | D:8      | 6574 ||| RETREEEEATING.
  6577 | D:8      | 6577 ||| INVOKING Heroism.
  6600 | D:8      | HP: 8/44 [gnoll/+0 spear[a gnoll bouda] (8)]
  6601 | D:8      | 6601 ||| READING 3 scrolls of teleportation.
  6757 | D:8      | Reached ** piety under Okawaru
  6793 | D:8      | Noticed a polar bear
  6794 | D:8      | 6794 ||| INVOKING Heroism.
  6804 | D:8      | 6804 ||| RETREEEEATING.
  6805 | D:8      | 6805 ||| RETREEEEATING.
  6806 | D:8      | 6806 ||| RETREEEEATING.
  6807 | D:8      | 6807 ||| RETREEEEATING.
  6811 | D:8      | 6811 ||| INVOKING Heroism.
  6812 | D:8      | 6812 ||| DRINKING potion of haste.
  6813 | D:8      | HP: 7/45 [polar bear (5)]
  6814 | D:8      | 6814 ||| READING 2 scrolls of teleportation.
  6817 | D:8      | Killed a polar bear
  7029 | D:8      | Noticed a rime drake
  7030 | D:8      | 7030 ||| INVOKING Heroism.
  7032 | D:8      | Killed a rime drake
  7034 | D:8      | Reached XP level 10. HP: 49/49 MP: 11/14
  7167 | D:8      | Found a staircase to the Lair.
  7247 | D:8      | Found Tarepuc's Armour Shop.
  7253 | D:8      | 7253 ||| BUYING +2 hat (208 gold).
  7253 | D:8      | Bought a +2 hat for 208 gold pieces
  7276 | D:8      | 7276 ||| UPGRADING to +2 hat.
  7281 | D:8      | 7281 ||| READING 3 scrolls of identify.
  7281 | D:8      | 7281 ||| IDENTIFYING bubbling ruby potion
  7282 | D:8      | 7282 ||| DROPPING potion of invisibility.
  7297 | D:7      | 7297 ||| PLANNING LAIR
  7362 | Lair:1   | Entered Level 1 of the Lair of Beasts
  7369 | Lair:1   | Noticed a black mamba
  7370 | Lair:1   | 7370 ||| INVOKING Heroism.
  7373 | Lair:1   | Killed a black mamba
  7398 | Lair:1   | Noticed an elephant
  7398 | Lair:1   | Noticed an elephant
  7398 | Lair:1   | Noticed an elephant
  7398 | Lair:1   | Noticed an elephant
  7399 | Lair:1   | 7399 ||| INVOKING Heroism.
  7399 | Lair:1   | Noticed an elephant
  7401 | Lair:1   | 7401 ||| RETREEEEATING.
  7403 | Lair:1   | Killed an elephant
  7406 | Lair:1   | Noticed an elephant
  7407 | Lair:1   | 7407 ||| RETREEEEATING.
  7410 | Lair:1   | 7410 ||| RETREEEEATING.
  7411 | Lair:1   | 7411 ||| RETREEEEATING.
  7412 | Lair:1   | 7412 ||| RETREEEEATING.
  7413 | Lair:1   | 7413 ||| RETREEEEATING.
  7414 | Lair:1   | 7414 ||| RETREEEEATING.
  7415 | Lair:1   | 7415 ||| RETREEEEATING.
  7416 | Lair:1   | 7416 ||| RETREEEEATING.
  7417 | Lair:1   | 7417 ||| RETREEEEATING.
  7418 | Lair:1   | 7418 ||| RETREEEEATING.
  7419 | Lair:1   | 7419 ||| RETREEEEATING.
  7420 | Lair:1   | 7420 ||| RETREEEEATING.
  7425 | Lair:1   | Killed an elephant
  7426 | Lair:1   | Reached skill level 12 in Dodging
  7430 | Lair:1   | 7430 ||| INVOKING Heroism.
  7433 | Lair:1   | Killed an elephant
  7435 | Lair:1   | Killed an elephant
  7437 | Lair:1   | Killed an elephant
  7437 | Lair:1   | Reached *** piety under Okawaru
  7438 | Lair:1   | Reached skill level 12 in Ranged Weapons
  7442 | Lair:1   | Killed an elephant
  7639 | Lair:1   | You fall into a shaft and drop 1 floor!
  7639 | Lair:2   | Noticed a five-headed hydra
  7640 | Lair:2   | 7640 ||| INVOKING Heroism.
  7647 | Lair:2   | Killed a five-headed hydra
  7707 | Lair:2   | Noticed a cane toad
  7708 | Lair:2   | 7708 ||| INVOKING Heroism.
  7715 | Lair:2   | Killed a cane toad
  7716 | Lair:2   | Reached XP level 11. HP: 41/55 MP: 13/15
  7774 | Lair:2   | 7774 ||| READING 2 scrolls of identify.
  7774 | Lair:2   | 7774 ||| IDENTIFYING yellow potion
  7775 | Lair:2   | 7775 ||| DROPPING potion of lignification.
  7786 | Lair:1   | Reached **** piety under Okawaru
  7847 | Lair:1   | 7847 ||| RETREEEEATING.
  7851 | Lair:1   | 7851 ||| RETREEEEATING.
  7852 | Lair:1   | 7852 ||| RETREEEEATING.
  7853 | Lair:1   | 7853 ||| RETREEEEATING.
  7854 | Lair:1   | 7854 ||| RETREEEEATING.
  7855 | Lair:1   | 7855 ||| RETREEEEATING.
  7856 | Lair:1   | 7856 ||| RETREEEEATING.
  7858 | Lair:1   | 7858 ||| RETREEEEATING.
  7859 | Lair:1   | 7859 ||| RETREEEEATING.
  7861 | Lair:1   | 7861 ||| RETREEEEATING.
  7862 | Lair:1   | 7862 ||| RETREEEEATING.
  7863 | Lair:1   | 7863 ||| RETREEEEATING.
  7864 | Lair:1   | 7864 ||| RETREEEEATING.
  7865 | Lair:1   | 7865 ||| RETREEEEATING.
  7998 | Lair:1   | 7998 ||| RETREEEEATING.
  8000 | Lair:1   | 8000 ||| RETREEEEATING.
  8025 | Lair:1   | 8025 ||| Stepping ~*~*~tactically~*~*~ (cloud).
  8116 | Lair:1   | Noticed Harold
  8117 | Lair:1   | 8117 ||| INVOKING Finesse.
  8123 | Lair:1   | Killed Harold
  8340 | Lair:1   | 8340 ||| READING 2 scrolls of identify.
  8340 | Lair:1   | 8340 ||| IDENTIFYING scroll labelled VEACRUUG POKAO
  8341 | Lair:1   | 8341 ||| DROPPING scroll of vulnerability.
  8399 | Lair:2   | 8399 ||| RETREEEEATING.
  8404 | Lair:2   | 8404 ||| RETREEEEATING.
  8405 | Lair:2   | 8405 ||| RETREEEEATING.
  8407 | Lair:2   | Reached skill level 6 in Invocations
  8420 | Lair:2   | Reached ***** piety under Okawaru
  8529 | Lair:2   | 8529 ||| READING scroll of enchant weapon.
  8529 | Lair:2   | 8529 ||| ENCHANTING +4 arbalest.
  8554 | Lair:2   | 8554 ||| RETREEEEATING.
  8556 | Lair:2   | 8556 ||| RETREEEEATING.
  8662 | Lair:2   | 8662 ||| RETREEEEATING.
  8843 | Lair:2   | Noticed a death yak
  8844 | Lair:2   | Noticed a death yak
  8844 | Lair:2   | Noticed a death yak
  8845 | Lair:2   | 8845 ||| INVOKING Finesse.
  8845 | Lair:2   | Noticed a death yak
  8847 | Lair:2   | Noticed a death yak
  8848 | Lair:2   | 8848 ||| RETREEEEATING.
  8848 | Lair:2   | Noticed a death yak
  8849 | Lair:2   | 8849 ||| RETREEEEATING.
  8850 | Lair:2   | 8850 ||| RETREEEEATING.
  8851 | Lair:2   | 8851 ||| RETREEEEATING.
  8853 | Lair:2   | 8853 ||| RETREEEEATING.
  8854 | Lair:2   | 8854 ||| RETREEEEATING.
  8856 | Lair:2   | 8856 ||| RETREEEEATING.
  8858 | Lair:2   | 8858 ||| RETREEEEATING.
  8859 | Lair:2   | 8859 ||| RETREEEEATING.
  8861 | Lair:2   | 8861 ||| RETREEEEATING.
  8862 | Lair:2   | 8862 ||| RETREEEEATING.
  8866 | Lair:2   | Killed a death yak
  8877 | Lair:2   | Killed a death yak
  8877 | Lair:2   | Received a gift from Okawaru
  8882 | Lair:2   | 8882 ||| INVOKING Finesse.
  8888 | Lair:2   | Killed a death yak
  8894 | Lair:2   | Killed a death yak
  8896 | Lair:2   | Killed a death yak
  8897 | Lair:2   | Reached XP level 12. HP: 30/60 MP: 12/19
  8904 | Lair:2   | Killed a death yak
  9050 | Lair:2   | Identified the +10 whip of Sohasics {venom, *Corrode rN++
                  | Will+ Dex+3}
  9057 | Lair:2   | 9057 ||| Stepping ~*~*~tactically~*~*~ (cloud).
  9107 | Lair:2   | Found a staircase to the Shoals.
  9218 | Lair:2   | 9218 ||| Stepping ~*~*~tactically~*~*~ (cloud).
  9282 | Lair:2   | Reached skill level 9 in Invocations
  9530 | Lair:2   | 9530 ||| UPGRADING to +0 steam dragon scales.
  9540 | Lair:2   | 9540 ||| DROPPING +0 robe.
  9541 | Lair:2   | 9541 ||| READING 4 scrolls of identify.
  9541 | Lair:2   | 9541 ||| IDENTIFYING fuming pink potion
  9563 | Lair:3   | 9563 ||| STAIRDANCE
  9619 | Lair:3   | Noticed a death yak
  9619 | Lair:3   | Noticed a death yak
  9619 | Lair:3   | Noticed a death yak
  9620 | Lair:3   | 9620 ||| RETREEEEATING.
  9621 | Lair:3   | 9621 ||| RETREEEEATING.
  9622 | Lair:3   | 9622 ||| INVOKING Finesse.
  9622 | Lair:3   | Noticed a death yak
  9625 | Lair:3   | 9625 ||| RETREEEEATING.
  9636 | Lair:3   | Killed a death yak
  9637 | Lair:3   | Reached skill level 1 in Armour
  9645 | Lair:3   | Killed a death yak
  9654 | Lair:3   | Killed a death yak
  9660 | Lair:3   | HP: 3/60 [death yak (22)]
  9661 | Lair:3   | 9661 ||| READING 2 scrolls of teleportation.
  9661 | Lair:3   | Annihilated by a death yak

Levels and vault maps discovered:
D:1:      dpeg_arrival_rhombus, layout_loops_cross
D:2:      mumra_celtic_spiral_tile, layout_basic, kennysheep_generic_room_8
D:3:      gammafunk_wand_slinger, layout_loops_corners,
          mainiacjoe_overflow_six_doors_small, nicolae_elyvilon_peaceful_grove,
          serial_shops, nicolae_shop_advertising_works
          [nicolae_subvault_shop_adworks]
D:4:      layout_loops_cross, chequers_serial_rivers_micro_c,
          kennysheep_doodads, dreamdust_princess_bridge, wad_floor_pattern_1,
          minmay_goblin_outpost, uniq_natasha
D:5:      layout_basic, eat_drink_and_be_merry_uskayaw,
          minmay_misc_feat_four_crosses, minmay_fire_ice_demons
D:6:      layout_basic, nicolae_tso_besieged_by_evil,
          mainiacjoe_overflow_24_doors, lightli_sewer_entry_pipes,
          uniq_eustachio
D:7:      layout_loops_ring, nicolae_overflow_hidden_temple,
          minmay_temple_entry_enclosed_plants
D:8:      layout_basic, general_overflow_altar, hellmonk_lair_entry_icy,
          serial_shops, nicolae_shop_rolling_square, shop, nicolae_shop_crystal
Lair:1:   layout_layer_cave, uniq_harold
Lair:2:   layout_gridlike, elwin_shoals_entry_rooms, special_room
          [special_room_bee], serial_bayou_shore_b
Lair:3:   gammafunk_mikee_crab_dinner, layout_chaotic_city,
          spider_nest_entry_funnel_web, nzn_masters_of_martial_movement,
          grunt_megastairs_1, infiniplex_staircase_pool

Skill      XL: |  1  2  3  4  5  6  7  8  9 10 11 12 |
---------------+-------------------------------------+-----
Dodging        | 3 4 5 6 7 9 11 13 14 | 14.0
Ranged Weapons | 5 6 7 8 9 10 12 13 14 | 14.0
Fighting       | 2 3 4 5 |  5.7
Invocations    | 1 4 8 9 |  9.7
Armour         | 1 |  1.3
Stealth        | |  1.5

Action                     |  1- 3 |  4- 6 |  7- 9 | 10-12 || total
---------------------------+-------+-------+-------+-------++-------
   Fire: Shortbow          |    91 |       |       |       ||    91
         Arbalest          |    24 |    63 |   275 |   375 ||   737
 Invoke: Heroism           |       |       |     5 |     5 ||    10
         Finesse           |       |       |       |     4 ||     4
    Use: Scroll            |    11 |     5 |    13 |     6 ||    35
         Potion            |       |     1 |     2 |       ||     3
 Armour: Robe              |     8 |    17 |    47 |    69 ||   141
         Steam dragon scal |       |       |       |     7 ||     7
  Dodge: Dodged            |    21 |    37 |   169 |   386 ||   613

Table legend:
 A = Non-vault XP
 B = Vault XP
 C = Vault XP percentage of total XP
 D = Non-vault monster count
 E = Vault monster count
 F = Vault count percentage of total count
                 A         B        C        D         E       F
            +---------+---------+-------+---------+---------+-------
      Total |   23249 |    5564 |  19.3 |     176 |      93 |  34.6
            +---------+---------+-------+---------+---------+-------
        D:1 |      30 |       0 |   0.0 |      17 |       0 |   0.0
        D:2 |      38 |       3 |   7.3 |      14 |       2 |  12.5
        D:3 |      33 |       0 |   0.0 |      13 |       0 |   0.0
        D:4 |     222 |      43 |  16.2 |      10 |       5 |  33.3
        D:5 |     496 |      58 |  10.5 |      20 |       2 |   9.1
        D:6 |     567 |     334 |  37.1 |      14 |      22 |  61.1
        D:7 |    1130 |       0 |   0.0 |      17 |       0 |   0.0
        D:8 |     933 |    1893 |  67.0 |      20 |      12 |  37.5
     Lair:1 |    6651 |     868 |  11.5 |      24 |       1 |   4.0
     Lair:2 |   10325 |    2182 |  17.4 |      23 |      25 |  52.1
     Lair:3 |    2824 |       0 |   0.0 |       4 |       0 |   0.0
      Sewer |       0 |     183 | 100.0 |       0 |      24 | 100.0
            +---------+---------+-------+---------+---------+-------
